 Dungeon Crawl Stone Soup version 0.20.0-15-g7f486f2 (webtiles) character file.

203 anfisbena the Slasher (level 5, -5/27 HPs)
             Began as a Vine Stalker Fighter on June 15, 2017.
             Slain by Ferkelamun's ghost (8 damage)
             ... on level 4 of the Dungeon.
             The game lasted 00:03:05 (2977 turns).

anfisbena the Slasher (Vine Stalker Fighter)        Turns: 2977, Time: 00:03:05

Health: -5/27      AC:  6    Str: 19    XL:     5   Next: 81%
Magic:  0/6        EV:  7    Int:  8    God:
Gold:   159        SH:  9    Dex: 14    Spells: 4/4 levels left

rFire    + . .     SeeInvis .   a - +0 long sword
rCold    x . .     Gourm    .   c - +0 shield
rNeg     . . .     Faith    +   b - +0 scale mail
rPois    .         Spirit   +   (no helmet)
rElec    .         Reflect  .   (no cloak)
rCorr    .         Harm     .   (no gloves)
MR       .....                  (no boots)
Stlth    ..........             g - amulet of faith
Regen    0.5/turn               n - ring of fire
MPRegen  0.1/turn               (no ring)

@: no status effects
A: fangs 2, regeneration 1, magic shield, antimagic bite, no potion heal 3, rot
immunity
a: no special abilities


You were on level 4 of the Dungeon.
You were not hungry.

You visited 1 branch of the dungeon, and saw 4 of its levels.

You collected 159 gold pieces.

Inventory:

Hand Weapons
 a - a +0 long sword (weapon)
Armour
 b - a +0 scale mail (worn)
 c - a +0 shield (worn)
 u - a +0 pair of gloves
Jewellery
 g - an amulet of faith (around neck)
 n - a ring of fire (left hand)
Wands
 p - a wand of digging (16/24)
Scrolls
 e - a scroll of remove curse {unknown}
 i - a scroll of blinking {unknown}
 k - 3 scrolls of identify {unknown}
 m - a scroll of enchant armour {unknown}
 q - 2 scrolls of amnesia {unknown}
 r - a scroll of magic mapping {unknown}
 t - 2 scrolls of teleportation {unknown}
 w - a scroll of recharging {unknown}
Potions
 d - a potion of might
 l - 2 potions of heal wounds {unknown}
 o - a potion of curing {unknown}
 s - 3 potions of lignification {unknown}
 v - a potion of berserk rage {unknown}
Comestibles
 f - 2 bread rations
 h - 3 meat rations
 j - 2 royal jellies


   Skills:
 - Level 2.6 Fighting
 + Level 5.3 Long Blades
 - Level 2.4 Armour
 - Level 2.6 Shields


You had 4 spell levels left.
You didn't know any spells.

Dungeon Overview and Level Annotations

Branches:
Dungeon (4/15)
 Temple: D:4-7

Altars:

Annotations:
D:4 Ferkelamun's ghost, amateur BaSu


Innate Abilities, Weirdness & Mutations

You have extremely sharp teeth.
Your natural rate of healing is unusually fast.
When hurt, damage is shared between your health and your magic reserves.
Your bite disrupts and absorbs the magic of your enemies.
Potions cannot restore your health.
You are immune to rotting.


Message History

The crimson imp hits you.
* * * LOW HITPOINT WARNING * * *
You miss the crimson imp. You bite the crimson imp.
The crimson imp's magic leaks into the air.
You drain its magic.
The crimson imp is severely wounded.
Ferkelamun's ghost hits you but does no damage.
The crimson imp hits you but does no damage.
The crimson imp blinks!
Ferkelamun's ghost hits you.
* * * LOW HITPOINT WARNING * * *
The crimson imp hits you but does no damage.
You hit the crimson imp. Your bite misses the crimson imp.
The crimson imp is severely wounded.
Ferkelamun's ghost hits you.
* * * LOW HITPOINT WARNING * * *
You block the crimson imp's attack.
You completely miss the crimson imp. Your bite misses the crimson imp.
The crimson imp is severely wounded.
Ferkelamun's ghost hits you!
You die...

##.........# #......
...........# #r..#.
...........# #.W..
..[........# #...#
...........# #...##
...........# #....+
..........<## #...#.......
............#######r..##.....#
...............5@Wrr..# #..###
...........########r5..# #.#
........#### #..........
.......## #.....$.....
.....### #......## ## ....##
######..# .)..# #.# ....#
....#


You could see Ferkelamun's ghost, 2 crimson imps, 2 quokkas and 2 rats.

Vanquished Creatures
  An orc wizard (D:3)
  7 adders
  3 worms
  5 dart slugs
  A leopard gecko (D:1)
  8 orcs (D:3)
  3 giant cockroaches
  6 goblins
  10 hobgoblins
  3 jackals (D:1)
  4 quokkas
  5 bats
  4 frilled lizards
  A goblin skeleton (D:4)
  A goblin zombie (D:4)
  3 hobgoblin zombies (D:4)
  6 kobolds
  A kobold zombie (D:4)
  An orc skeleton (D:4)
  18 rats
91 creatures vanquished.

Notes
Turn   | Place    | Note
-------+----------+-------------------------------------------
     0 | D:1      | anfisbena the Vine Stalker Fighter began the quest for the Orb.
     0 | D:1      | Reached XP level 1. HP: 11/11 MP: 2/2
    16 | D:1      | Reached skill level 2 in Long Blades
   102 | D:1      | Reached XP level 2. HP: 16/16 MP: 3/3
   467 | D:1      | Reached skill level 3 in Long Blades
   474 | D:1      | Reached XP level 3. HP: 19/19 MP: 4/4
   958 | D:2      | Gained mutation: Your natural rate of healing is unusually fast. [Vine Stalker growth]
   958 | D:2      | Reached XP level 4. HP: 23/23 MP: 5/5
  1065 | D:2      | Reached skill level 4 in Long Blades
  1844 | D:3      | Reached XP level 5. HP: 27/27 MP: 6/6
  2100 | D:3      | Reached skill level 5 in Long Blades
  2943 | D:4      | Noticed Ferkelamun's ghost (amateur BaSu)
  2977 | D:4      | Slain by Ferkelamun's ghost

Skill      XL: |  1  2  3  4  5 |
---------------+----------------+-----
Long Blades    | 2 3 4 5 |  5.3
Fighting       | |  2.6
Armour         | |  2.4
Shields        | |  2.6

Action                   |  1- 3 |  4- 6 || total
-------------------------+-------+-------++-------
Melee: Long sword        |    76 |   195 ||   271
       Bite              |    25 |    47 ||    72
  Eat: Chunk             |       |     7 ||     7
Armor: Scale mail        |    27 |    69 ||    96
Dodge: Dodged            |    14 |    53 ||    67
Block: Shield            |    41 |    79 ||   120
       Rpst.: Long sword |     6 |    15 ||    21
